 Dungeon Crawl Stone Soup version 0.14-a0-840-g06343e3 (webtiles) character file.

224 PolkaDot the Vexing (level 4, 0/30 HPs)
             Began as a Vampire Enchanter on Nov 13, 2013.
             Killed by divine providence
             ... invoked by an orc priest
              (10 damage)
             ... on Level 3 of the Dungeon.
             The game lasted 00:07:34 (1909 turns).

PolkaDot the Vexing (Vampire Enchanter)             Turns: 1909, Time: 00:07:34

HP   0/30        AC  3     Str  7      XL: 4   Next: 18%
MP   8/8         EV 12     Int 17      God:
Gold 144         SH  0     Dex 15      Spells:  2 memorised,  1 level left

Res.Fire  : . . .   See Invis. : +   i - +1,+0 dagger (flame)
Res.Cold  : . . .   Warding    : .   b - +1 robe
Life Prot.: . . .   Conserve   : .   (no shield)
Res.Poison: .       Res.Corr.  : .   (no helmet)
Res.Elec. : .       Clarity    : .   (no cloak)
Sust.Abil.: . .     Spirit.Shd : .   (no gloves)
Res.Mut.  : .       Stasis     : .   (no boots)
Res.Rott. : .       Flight     : .   (no amulet)
Saprovore : . . .                    (no ring)
                                     (no ring)

@: regenerating very quickly, slightly resistant to hostile enchantments,
stealthy
A: fangs 3, see invisible, unbreathing
a: no special abilities


You were on level 3 of the Dungeon.
You were almost alive.

You visited 1 branch of the dungeon, and saw 3 of its levels.

You collected 144 gold pieces.

Inventory:

Hand weapons
 i - a +1,+0 dagger of flaming (weapon)
Missiles
 d - 12 darts (quivered)
Armour
 b - a +1 robe (worn)
 o - a +0 buckler
Scrolls
 a - a scroll of curse armour {unknown}
 g - a scroll of blinking {unknown}
 h - 3 scrolls of remove curse {unknown}
 l - a scroll of fear {unknown}
 m - a scroll of teleportation {unknown}
Jewellery
 n - an uncursed ring of magical power {unknown}
Potions
 e - a potion of restore abilities
 f - a potion of curing
 j - a potion of mutation {unknown}
 k - a potion of cure mutation {unknown}
Books
 c - a book of Maledictions

   Spells                             Type                      Level
   *Corona                            Hexes                        1
   Sure Blade                         Hexes/Charms                 2
   Ensorcelled Hibernation            Hexes/Ice                    2
   *Confuse                           Hexes                        3
   Enslavement                        Hexes                        4
   Invisibility                       Hexes                        6


   Skills:
 + Level 2.8 Short Blades
 - Level 0.7 Throwing
 - Level 2.1 Dodging
 - Level 3.0 Stealth
 - Level 1.0 Spellcasting
 * Level 6.4 Hexes


You had one spell level left.
You knew the following spells:

 Your Spells              Type           Power        Failure   Level  Hunger
A - Corona                Hex            ###....      1%          1    ##.....
C - Confuse               Hex            ###.....     6%          3    ####...


Dungeon Overview and Level Annotations

Branches:
Dungeon (3/16)

Altars:
Trog


Innate Abilities, Weirdness & Mutations

Your natural rate of healing is extremely fast.
You have razor-sharp teeth.*
You have supernaturally acute eyesight.
You can survive without breathing.*


Message History

The orc priest calls down the wrath of Beogh upon you.
Something smites you! The orc completely misses you.
You hit the orc but do no damage.
The orc is heavily wounded.
The orc priest calls down the wrath of Beogh upon you.
Something smites you!
* * * LOW HITPOINT WARNING * * *
The orc closely misses you.
Drink which item? (? for menu, Esc to quit)
You feel better.
The orc hits you with an orcish short sword.
* * * LOW HITPOINT WARNING * * *
You hit the orc. You burn the orc.
The orc is severely wounded.
The orc barely misses you.
You hit the orc but do no damage. Your bite misses the orc.
The orc is severely wounded.
The orc priest calls down the wrath of Beogh upon you.
Something smites you!
You die...

#.##### #.#...
#.#.#####.#
#.)........#
#.#.#####..
###.#####.###
#..........o.
#.#.#####.##.#.#
#.#..@oooo......
# #..####s.#%..#
#..# .# #..# #
#..# #... #...
#... ###


You could see an orc priest, 3 orcs and a giant cockroach.

Vanquished Creatures
  2 adders (D:3)
  2 worms
  8 goblins
  5 hobgoblins
  3 jackals (D:1)
  2 ball pythons (D:1)
  6 bats
  6 giant geckos
  2 giant newts (D:2)
  6 kobolds
  A quokka (D:3)
  9 rats
52 creatures vanquished.

Notes
Turn   | Place    | Note
--------------------------------------------------------------
     0 | D:1      | PolkaDot, the Vampire Enchanter, began the quest for the Orb.
     0 | D:1      | Reached XP level 1. HP: 13/13 MP: 4/4
   167 | D:1      | Reached XP level 2. HP: 19/19 MP: 5/5
   596 | D:1      | Reached skill level 5 in Hexes
  1139 | D:2      | Reached XP level 3. HP: 22/24 MP: 6/6
  1205 | D:2      | Found a bloodstained altar of Trog.
  1495 | D:3      | Reached skill level 6 in Hexes
  1550 | D:3      | Learned a level 3 spell: Confuse
  1625 | D:3      | Reached XP level 4. HP: 11/30 MP: 1/8
  1909 | D:3      | Killed from afar by an orc priest

Action                   |  1- 3 |  4- 6 || total
-------------------------+-------+-------++-------
Melee: Dagger            |   180 |    26 ||   206
Throw: Dart              |     3 |       ||     3
 Cast: Confuse           |     3 |       ||     3
       Corona            |     1 |       ||     1
  Use: Potion            |     4 |     1 ||     5
 Stab: Sleeping          |     5 |       ||     5
